[Event "*** Titled Tuesday Blitz"]
[Site "Chess.com"]
[Date "2021.03.16"]
[Round "2"]
[White "DenLaz"]
[Black "Omk124"]
[Result "1-0"]
[WhiteElo "2840"]
[BlackElo "2552"]
[TimeControl "180+1"]
[EndTime "10:17:06 PDT"]
[Termination "DenLaz won by resignation"]

1. d4 Nf6 2. c4 g6 3. g3 d5 4.
cxd5 Nxd5 5. Bg2 Bg7 6. Nf3 Nb6 7. Nc3 Nc6 8. e3 O-O 9. O-O Re8 10. h3 a5 11. d5 Nb4 12. e4 e6 13. a3 Na6 14. Bg5 Qd7 15. Rc1 exd5 16. exd5 Nc4 17. Qb3 Nd6 18. Rfe1 Nc5 19. Qc2 a4 20. Rxe8+ Qxe8 21.
Re1 Qd7 22. Ne5 Qf5 23. Qxf5 Bxf5 24. g4 Bc2 25. Be3 Nb3 26. f4 Re8 27. Nxa4 f6 28. Nf3 Nc4 29. Bf2 Ra8 30. Nc3 Bf8 31.
Nd4 Bc5 32. Nxc2 Bxf2+ 33. Kxf2 Nxb2 34. Re7 Nd3+ 35. Kg3 Ra4 36. Nxa4 1-0

[Event "*** Titled Tuesday Blitz"]
[Site "Chess.com"]
[Date "2021.03.16"]
[Round "2"]
[White "c_r_e_e_p_e_r"]
[Black "Artem_Sadovsky"]
[Result "0-1"]
[WhiteElo "2344"]
[BlackElo "2608"]
[TimeControl "180+1"]
[EndTime "10:17:06 PDT"]
[Termination "Artem_Sadovsky won by resignation"]

1. e4 a5 2. d4 h5 3. Bd3 g6 4.
Nf3 b6 5. O-O Ba6 6. Re1 Bh6 7.
Bxh6 Nxh6 8. Qd2 Bxd3 9. Qxd3 Na6 10.
Nbd2 Nb4 11. Qc3 Kf8 12. a3 Na6 13. d5 Kg8 14. e5 Nc5 15. b4 axb4 16. axb4 Rxa1 17.
Rxa1 Nb7 18. Ne4 Nf5 19. Nd4 Nxd4 20. Qxd4 Kg7 21. c4 f6 22. f4 Rf8 23. f5 c5 24.
Qb2 gxf5 25. Ng3 Kg6 26. Rf1 e6 27. Qe2 Rh8 28. Qf3 fxe5 29. dxe6 dxe6 30. Qxb7 cxb4 31. Qc6 Qc8 32. Qxb6 f4 33. Ne4 Qxc4 34. Nd6 Qd4+ 35. Qxd4 exd4 36. Rxf4 e5 37. Rf2 Rb8 38. Rb2 Kf6 39. Kf2 Ke6 40. Ne4 Kd5 41. Nf6+ Kc4 42. Ke2 Kc3 43. Rb1 Kc2 44. Rd1 b3 45. Ne4 b2 46.
Rd2+ Kb3 47. Rd1 Ka2 48. Rd2 Ka1 49. Rd3 b1=Q 50. Ra3+ Kb2 51. Ra5 Qxe4+ 0-1

[Event "*** Titled Tuesday Blitz"]
[Site "Chess.com"]
[Date "2021.03.16"]
[Round "2"]
[White "Schachmalanders"]
[Black "JordanLoyd2020"]
[Result "1-0"]
[WhiteElo "2341"]
[BlackElo "2521"]
[TimeControl "180+1"]
[EndTime "10:17:06 PDT"]
[Termination "Schachmalanders won by resignation"]

1. e4 c5 2. Nf3 g6 3. c3 Nf6 4.
e5 Nd5 5. d4 cxd4 6. Be2 Nc6 7.
O-O d6 8. exd6 Qxd6 9. Nxd4 Bg7 10. Nb5 Qd8 11. Qxd5 Bd7 12. Bf4 O-O 13. Rd1 Qb6 14.
N1a3 Be6 15. Qf3 h5 16. h3 Rac8 17. Be3 Qa5 18. Nd4 Ne5 19. Qg3 Bd7 20. Bf4 Rfd8 21.
Nf3 Nc6 22. Nc4 Qf5 23. Bc7 Re8 24. Bf4 Be6 25. Nce5 Nxe5 26. Bxe5 h4 27. Qf4 Qc2 28. Bb5 Red8 29. Rxd8+ Rxd8 30. Bxg7 Qxb2 31. Re1 Kxg7 32. Bf1 Qxc3 33. Qxh4 Bxa2 34. Qxe7 Rd3 35. Bxd3 Qxd3 1-0

[Event "*** Titled Tuesday Blitz"]
[Site "Chess.com"]
[Date "2021.03.16"]
[Round "2"]
[White "Srisshhhtea"]
[Black "UCantHandleDenker"]
[Result "0-1"]
[WhiteElo "2287"]
[BlackElo "2505"]
[TimeControl "180+1"]
[EndTime "10:17:08 PDT"]
[Termination "UCantHandleDenker won by checkmate"]

1. d4 Nf6 2. c4 g6 3. Nc3 Bg7 4. e4 d6 5. Bd3 O-O 6. Nge2 c5 7.
d5 e6 8. O-O Na6 9. h3 Re8 10.
f4 exd5 11. cxd5 c4 12. Bc2 b5 13. a3 b4 14. axb4 Nxb4 15. Bb1 Qb6+ 16. Kh1 Ba6 17. e5 dxe5 18. fxe5 Rxe5 19. Bf4 Ree8 20. d6 Nd3 21. Bxd3 cxd3 22. Ng3 Bb7 23. Qd2 Rad8 24. Ra4 Qc6 25. Rf2 Nd5 26. Nxd5 Qxa4 27. Ne7+ Kh8 28. Kh2 Qd4 29. Nf1 Rxd6 30. Bxd6 Qxd6+ 31. Kh1 Rxe7 32. Ne3 Bh6 33. Qc3+ Bg7 34. Qd2 Qd4 35. Ng4 h5 36. Nh2 Qe3 37. Nf1 Qxd2 38. Rxd2 Re1 39. Kg1 Bd4+ 40.
Kh2 Rxf1 41. Rxd3 Be5+ 42. g3 Rh1# 0-1

[Event "*** Titled Tuesday Blitz"]
[Site "Chess.com"]
[Date "2021.03.16"]
[Round "2"]
[White "BogdanDeac"]
[Black "Skatchkov_V"]
[Result "1-0"]
[WhiteElo "2986"]
[BlackElo "2617"]
[TimeControl "180+1"]
[EndTime "10:17:09 PDT"]
[Termination "BogdanDeac won by resignation"]

1. b3 Nf6 2. Bb2 d5 3. Nf3 c5 4. e3 Nc6 5. Bb5 Bd7 6. O-O g6 7. Bxf6 exf6 8. Nc3 a6 9. Bxc6 Bxc6 10. d4 b6 11. Qd2 Ra7 12. Rfd1 Rd7 13. Qe2 Qa8 14.
e4 dxe4 15. d5 Rxd5 16. Nxd5 Bxd5 17. Qd2 Bc6 18. Qf4 Bg7 19. Qd6 Qb7 20. Nd2 Qd7 21. Nc4 Qxd6 22. Rxd6 Bb5 23. Nxb6 O-O 24. c4 Be8 25.
Rad1 f5 26. Rd8 Bd4 27. Kf1 f4 28. Nd5 g5 29. b4 Ba4 30. Rxf8+ Kxf8 31. Re1 Bc2 32.
bxc5 Bd3+ 33. Kg1 Bxc5 34. Nf6 e3 35. Nd7+ Ke7 36. Nxc5 Bxc4 37. fxe3 1-0

[Event "*** Titled Tuesday Blitz"]
[Site "Chess.com"]
[Date "2021.03.16"]
[Round "2"]
[White "IngOscarArdila"]
[Black "Firegrizzly"]
[Result "1-0"]
[WhiteElo "2282"]
[BlackElo "2634"]
[TimeControl "180+1"]
[EndTime "10:17:09 PDT"]
[Termination "IngOscarArdila won by checkmate"]

1. d4 Nf6 2. c4 d6 3. Nf3 Nbd7 4. Nc3 e5 5. dxe5 dxe5 6. e4 c6 7. Bg5 h6 8. Bh4 Bb4 9. Rc1 g5 10. Bg3 Nxe4 11. Bd3 Bxc3+ 12. bxc3 Nec5 13. O-O O-O 14. Bc2 Re8 15. h4 Qf6 16. hxg5 hxg5 17. Qd2 g4 18. Nh4 Nf8 19. Rfe1 Bd7 20. Qe3 b6 21. Rcd1 Re7 22. Rf1 Rae8 23. f3 Qg7 24. fxg4 Bxg4 25. Rd6 Re6 26. Rxe6 Rxe6 27. Nf5 Bxf5 28. Bxf5 Re8 29. Bh4 Ng6 30. Bg5 Nf4 31. Bxf4 e4 32.
Bh6 Qe5 33. Qg5+ Kh8 34. Qh5 Kg8 35. Bg5 Qg7 36. Bh6 Qxc3 37. Rf4 Qe1+ 38. Kh2 Nd3 39. Rg4+ Kh8 40. Bd2# 1-0

[Event "*** Titled Tuesday Blitz"]
[Site "Chess.com"]
[Date "2021.03.16"]
[Round "2"]
[White "organdzievhren"]
[Black "MuhittinBuker"]
[Result "0-1"]
[WhiteElo "2421"]
[BlackElo "2194"]
[TimeControl "180+1"]
[EndTime "10:17:10 PDT"]
[Termination "MuhittinBuker won by resignation"]

1. e4 e5 2. Nf3 Nc6 3. Bb5 a6 4.
Ba4 Nf6 5. O-O Be7 6. Re1 b5 7. Bb3 O-O 8. h3 d6 9. c3 Na5 10. Bc2 c5 11. d3 Nc6 12. Bg5 a5 13. Nbd2 a4 14. a3 h6 15. Bh4 Nd7 16. Bxe7 Qxe7 17. c4 Ba6 18. Rc1 Nd4 19. Nxd4 cxd4 20. cxb5 Bxb5 21. Bb1 Nc5 22. Nc4 Rac8 23. Ba2 Rc6 24.
Qd2 Rfc8 25. Qb4 Nxd3 26. Qxb5 Nxe1 27. Rxe1 Rc5 28. Qb4 Qc7 29. Nd2 Rc1 30. Rxc1 Qxc1+ 31. Kh2 Rc2 32. Qxa4 Qxd2 33. Qe8+ Kh7 34. Qxf7 Qf4+ 35. Qxf4 exf4 36. a4 Rxb2 37. Bc4 Rc2 38. Bb5 Ra2 39. Kg1 Ra1+ 40. Kh2 Kg6 41. g4 Kf6 42. Kg2 Ke5 43. Bc6 d3 44. Kf3 d2 0-1

[Event "*** Titled Tuesday Blitz"]
[Site "Chess.com"]
[Date "2021.03.16"]
[Round "2"]
[White "davidkalashian"]
[Black "Genghis_K"]
[Result "0-1"]
[WhiteElo "2569"]
[BlackElo "2895"]
[TimeControl "180+1"]
[EndTime "10:17:11 PDT"]
[Termination "Genghis_K won on time"]

1. d4 Nf6 2. c4 e6 3. Nf3 d5 4. Nc3 dxc4 5. e3 a6 6. a4 b6 7. Bxc4 Bb7 8. O-O c5 9. Qe2 Nbd7 10. Rd1 cxd4 11. exd4 Be7 12. d5 exd5 13. Nxd5 Nxd5 14. Bxd5 Bxd5 15. Rxd5 O-O 16. Bf4 Qe8 17. Re1 Nf6 18. Re5 Qxa4 19. Bg5 Bd8 20. b3 Qxb3 21. Nd4 Qa4 22.
Nf5 Qg4 23. Qe3 Nd5 24. Rxd5 Bxg5 25. Qxb6 g6 26. h3 Qc4 27. Rd4 Qc3 0-1

[Event "*** Titled Tuesday Blitz"]
[Site "Chess.com"]
[Date "2021.03.16"]
[Round "2"]
[White "Frolyanov_D"]
[Black "Myshakov_Fedor"]
[Result "1/2-1/2"]
[WhiteElo "2679"]
[BlackElo "2368"]
[TimeControl "180+1"]
[EndTime "10:17:11 PDT"]
[Termination "Game drawn by repetition"]

1. e4 c6 2. d4 d5 3. exd5 cxd5 4. c4 Nf6 5. Nc3 e6 6. Nf3 Be7 7. cxd5 Nxd5 8. Bd3 Nd7 9. Nxd5 exd5 10. O-O Nf6 11. Ne5 O-O 12. Qf3 Be6 13. Bg5 h6 14.
Bh4 Nd7 15. Bxe7 Nxe5 16. dxe5 Qxe7 17. Rfe1 Rfd8 18. Rad1 Qh4 19. h3 Rac8 20. a3 Qg5 21.
Bb1 Rc5 22. Qd3 Rdc8 23. Kh2 Qf4+ 24. Kh1 g6 25. Qe3 Qxe3 26. Rxe3 Rc1 27. Ree1 Rxd1 28. Rxd1 Kf8 29. Kg1 Ke7 30. h4 g5 31. hxg5 hxg5 32.
f3 a5 33. Kf2 b5 34. Ke3 b4 35. axb4 axb4 36. Rh1 b3 37. g3 Ra8 38. f4 gxf4+ 39. gxf4 Ra1 40. Rf1 Bh3 41. Rd1 Bg4 42. Rf1 Bh3 43. Rd1 Bg4 44. Rf1 Bh3 1/2-1/2

[Event "*** Titled Tuesday Blitz"]
[Site "Chess.com"]
[Date "2021.03.16"]
[Round "2"]
[White "Smile2005"]
[Black "Sharpchess22"]
[Result "0-1"]
[WhiteElo "2425"]
[BlackElo "2725"]
[TimeControl "180+1"]
[EndTime "10:17:12 PDT"]
[Termination "Sharpchess22 won by checkmate"]

1. Nf3 Nf6 2. g3 g6 3. Bg2 Bg7 4. O-O O-O 5. d3 d5 6. Nc3 c5 7. e4 Nc6 8. h3 e6 9. Kh2 b6 10.
Qe2 dxe4 11. Nxe4 Nxe4 12. dxe4 e5 13. c3 a5 14. Rd1 Qc7 15. Be3 h6 16. Qc2 a4 17.
Bf1 a3 18. b3 Be6 19. Nd2 Na5 20. Nc4 Nxc4 21. Bxc4 Bxc4 22. bxc4 f5 23. Rab1 f4 24. Bc1 fxg3+ 25. fxg3 Rf3 26. Rd3 Raf8 27. Rxf3 Rxf3 28.
Bxa3 Qf7 29. Qd1 Rf2+ 30. Kg1 Rxa2 31. Bb2 Qxc4 32. Qd5+ Qxd5 33. exd5 e4 34. Kf1 Kf7 35. c4 Rxb2 36. Re1 Bd4 37. Rxe4 b5 38. cxb5 Rxb5 39.
Ke2 Rb7 40. Kd3 Re7 41. Rf4+ Ke8 42. Kc4 Kd7 43. Rf8 Re3 44. g4 Rxh3 45. Rg8 Rc3+ 46.
Kb5 Kd6 47. Rxg6+ Kxd5 48. Rxh6 Rb3+ 49. Ka4 Rg3 50. Rh5+ Kc4 51. g5 Rg1 52. Ka3 Ra1# 0-1

[Event "*** Titled Tuesday Blitz"]
[Site "Chess.com"]
[Date "2021.03.16"]
[Round "2"]
[White "xberli"]
[Black "FairChess_on_YouTube"]
[Result "0-1"]
[WhiteElo "2614"]
[BlackElo "2976"]
[TimeControl "180+1"]
[EndTime "10:17:14 PDT"]
[Termination "FairChess_on_YouTube won on time"]

1. e4 c5 2. Nf3 e6 3. d4 cxd4 4.
Nxd4 a6 5. c4 Nf6 6. Nc3 Qc7 7.
Be2 Bb4 8. Nc2 Be7 9. O-O O-O 10. f4 d6 11. b4 b5 12. Ne3 Bb7 13. Bb2 bxc4 14.
Bxc4 Nbd7 15. Qd3 Rfc8 16. Rac1 Qb6 17. a3 Rxc4 18. Qxc4 Qxe3+ 19. Kh1 Rc8 20. Nd1 Qxc1 21. Qxc1 Rxc1 22. Bxc1 Nxe4 23. Nf2 Ndf6 24. Nd3 Nd5 25. Re1 f5 26. Bb2 Kf7 27. a4 Bd8 28. b5 Bb6 29. h3 axb5 30. axb5 Nc7 31. Kh2 Nxb5 32. Rb1 Nd2 33. Rc1 Be4 34. Nb4 Be3 35. Rc8 Nf1+ 36.
Kh1 Ng3+ 37. Kh2 Bxf4 38. Rb8 Nc7 39. Rc8 Ne8 40. Rd8 Nf6 41. Rb8 g5 0-1

[Event "*** Titled Tuesday Blitz"]
[Site "Chess.com"]
[Date "2021.03.16"]
[Round "2"]
[White "ChristopherYoo"]
[Black "Vice64"]
[Result "0-1"]
[WhiteElo "2895"]
[BlackElo "2603"]
[TimeControl "180+1"]
[EndTime "10:17:14 PDT"]
[Termination "Vice64 won by resignation"]

1. c4 Nf6 2. g3 e5 3. Bg2 Nc6 4. Nf3 Bc5 5. O-O d6 6. Nc3 O-O 7. d3 h6 8. a3 a5 9. Bd2 Bf5 10. Rb1 Qd7 11. Nd5 Nxd5 12. cxd5 Ne7 13. e4 Bh3 14. b4 axb4 15. axb4 Bb6 16. Qb3 Kh8 17. Ra1 Bxg2 18. Kxg2 Rxa1 19. Rxa1 f5 20. Qd1 Ng6 21. Qe2 fxe4 22. Qxe4 Qf7 23. Be3 Bxe3 24. fxe3 Ne7 25. Ra7 Qxd5 26. Rxb7 Qa2+ 27. Kh3 Qf2 28. Nh4 Qf1+ 29.
Qg2 Qxd3 30. Rxc7 Rf7 31. e4 Kh7 32. Nf5 Qd1 33. g4 Nxf5 34. gxf5 Qh5+ 35. Kg3 Qg5+ 36.
Kh3 Qxg2+ 37. Kxg2 Rxc7 0-1

[Event "*** Titled Tuesday Blitz"]
[Site "Chess.com"]
[Date "2021.03.16"]
[Round "2"]
[White "QuintilianoR"]
[Black "NiranjanNavalgund"]
[Result "0-1"]
[WhiteElo "2731"]
[BlackElo "2507"]
[TimeControl "180+1"]
[EndTime "10:17:14 PDT"]
[Termination "NiranjanNavalgund won by checkmate"]

1. d4 Nf6 2. c4 e6 3. Nf3 Bb4+ 4. Nbd2 O-O 5. a3 Bxd2+ 6. Bxd2 d6 7. Bg5 Nbd7 8. e3 b6 9. Be2 Bb7 10. O-O Qe8 11.
b4 Ne4 12. Bh4 a5 13. Qc2 f5 14. d5 exd5 15. cxd5 Bxd5 16. Rad1 c6 17. Nd4 axb4 18.
axb4 Ra2 19. Qc1 Rxe2 20. Nxe2 g5 21. Bg3 f4 22. exf4 Nxg3 23. Nxg3 gxf4 24. Rxd5 cxd5 25. Re1 Qg6 26. Nf1 Ne5 27. Qd1 d4 28. Kh1 f3 29.
Ng3 fxg2+ 30. Kxg2 Nd3 31. Rf1 h5 32. h4 Nf4+ 33.
Kh2 Qe6 34. Qf3 Qh3+ 35. Kg1 Qxh4 36. Qe4 Qg4 37. Kh2 h4 38. Rg1 Qh3# 0-1

[Event "*** Titled Tuesday Blitz"]
[Site "Chess.com"]
[Date "2021.03.16"]
[Round "2"]
[White "abykhovsky"]
[Black "Fortitudine"]
[Result "1-0"]
[WhiteElo "2656"]
[BlackElo "2297"]
[TimeControl "180+1"]
[EndTime "10:17:15 PDT"]
[Termination "abykhovsky won on time"]

1. d4 Nf6 2. Nf3 e6 3. Bg5 b6 4. e4 Be7 5. Nbd2 d5 6. e5 Nfd7 7. h4 h6 8. Be3 Ba6 9. c4 dxc4 10.
Nxc4 Bb7 11. Bd3 Nc6 12. a3 b5 13. Ncd2 a6 14. Rc1 Nb6 15. h5 Nd5 16. Bb1 Nb8 17.
Ne4 Nd7 18. Bd2 Rc8 19. Ba5 N7b6 20. Nfd2 Nf4 21. Qg4 Bg5 22. g3 Nfd5 23. f4 Ne3 24. Qe2 Qxd4 25. fxg5 Nec4 26. Bc3 Qd5 27. Nxc4 Nxc4 28.
gxh6 Rxh6 29. Rd1 Qc6 30. O-O Qb6+ 31. Qf2 Qxf2+ 32. Rxf2 Rxh5 33. Rh2 Rxh2 34. Kxh2 c5 35. b3 Nxa3 36. Nd6+ 1-0

[Event "*** Titled Tuesday Blitz"]
[Site "Chess.com"]
[Date "2021.03.16"]
[Round "2"]
[White "Grieve72"]
[Black "Paladin61"]
[Result "0-1"]
[WhiteElo "2499"]
[BlackElo "2767"]
[TimeControl "180+1"]
[EndTime "10:17:17 PDT"]
[Termination "Paladin61 won by checkmate"]

1. d4 Nf6 2. Bg5 c5 3. Nc3 cxd4 4. Qxd4 Nc6 5. Qh4 d6 6. e4 Bd7 7.
O-O-O Rc8 8. f4 Qa5 9. Bxf6 gxf6 10. Rd5 Qb6 11. Rb5 Qe3+ 12. Kd1 Nd4 13. Rxb7 Bc6 14.
Rb4 Bxe4 15. Nxe4 Qxe4 16. Qf2 e5 17. Bd3 Qd5 18. Ne2 Nxc2 19. Rb3 e4 20. Qxa7 exd3 21. Nc3 Qxg2 22. Qa4+ Qc6 23. Nb5 Be7 24. Rg1 Qf3+ 25.
Kc1 Qe3+ 26. Kd1 Qxg1+ 27. Kd2 Qe3+ 28. Kd1 Qe1# 0-1

[Event "*** Titled Tuesday Blitz"]
[Site "Chess.com"]
[Date "2021.03.16"]
[Round "2"]
[White "Abund"]
[Black "ARTHURMOTIVATOR"]
[Result "1-0"]
[WhiteElo "2701"]
[BlackElo "2361"]
[TimeControl "180+1"]
[EndTime "10:17:17 PDT"]
[Termination "Abund won by resignation"]

1. e4 e5 2. Nf3 Nc6 3. Bc4 Nf6 4. Ng5 d5 5. exd5 Na5 6. Bb5+ c6 7. dxc6 bxc6 8. Bd3 Nd5 9. Nf3 Bd6 10. O-O Nf4 11. Re1 Nxd3 12. cxd3 O-O 13. Nxe5 Re8 14. d4 c5 15. Qf3 Be6 16. dxc5 Bxe5 17. Rxe5 Bd5 18.
Rxe8+ Qxe8 19. Qe3 Qc6 20. f3 Re8 21. Qf2 Nb7 22.
d4 Nd6 23. Nc3 Nf5 24. Bf4 Qe6 25. g4 Nh6 26. h3 f6 27. Bd2 Qd7 28. Re1 Rd8 29.
Bxh6 gxh6 30. Ne4 Kg7 31. Ng3 Bxa2 32. Re7+ Kh8 33. Rxd7 1-0

[Event "*** Titled Tuesday Blitz"]
[Site "Chess.com"]
[Date "2021.03.16"]
[Round "2"]
[White "rychessmaster1"]
[Black "jefferyx"]
[Result "0-1"]
[WhiteElo "2618"]
[BlackElo "3008"]
[TimeControl "180+1"]
[EndTime "10:17:19 PDT"]
[Termination "jefferyx won on time"]

1. d4 Nf6 2. Nc3 d5 3. Bf4 e6 4. Nb5 a6 5. Nxc7+ Kd7 6. Nxa8 Nc6 7. c3 Ne8 8. Qb3 b5 9. a4 b4 10. e4 Na5 11. Qd1 Bb7 12. exd5 Bxd5 13. Nf3 f6 14.
Bxa6 Qxa8 15. Bb5+ Kd8 16. O-O g5 17. Bg3 h5 18. c4 Nxc4 19. Rc1 Ncd6 20. Bxe8 Kxe8 21. Qc2 Nf5 22. Qc8+ Kf7 23. Qxa8 Bxa8 24. Rc7+ Be7 25.
h3 Bd5 26. a5 Ra8 27. Ra1 Ra6 28. Rcc1 Bxf3 29. gxf3 Nxd4 30. Rc7 e5 31. Kg2 h4 32. Bh2 Nb3 33. Rd1 Ke6 34. Rdd7 Bd6 35. Ra7 Rxa5 36. Rxa5 Nxa5 37. Rh7 Nc4 38. f4 exf4 39. f3 Nxb2 40. Bg1 Nc4 41. Bd4 Ne3+ 42. Bxe3 fxe3 43. Rb7 Ke5 44. Kf1 Kf4 45. Ke2 Kg3 46. Rb6 Bc5 47.
Rxf6 b3 48. Rf7 b2 49. Rb7 Bd4 50. Rb4 Kxh3 51. Kd3 Kg3 52. Kc2 e2 0-1

[Event "*** Titled Tuesday Blitz"]
[Site "Chess.com"]
[Date "2021.03.16"]
[Round "2"]
[White "Problematique_99"]
[Black "Sychev_Klementy"]
[Result "0-1"]
[WhiteElo "2469"]
[BlackElo "2875"]
[TimeControl "180+1"]
[EndTime "10:17:21 PDT"]
[Termination "Sychev_Klementy won by resignation"]

1. e4 e5 2. Nc3 Nf6 3. g3 d5 4. exd5 c6 5. dxc6 Nxc6 6. Bg2 Bg4 7.
f3 Bf5 8. d3 Bc5 9. Ne4 Bb6 10.
Bg5 O-O 11. Ne2 Rc8 12. c3 Qe7 13. Qd2 Rfd8 14. Rd1 Qe6 15. Bxf6 gxf6 16. Qh6 Bg6 17. g4 Rd7 18. N2g3 Kh8 19. Nf5 Rg8 20. Bh3 Ne7 21.
Nxe7 Qxe7 22. Qh4 Bd8 23. O-O Qe6 24. Qg3 f5 25. Nf2 Qxa2 26. Kh1 f4 27. Qg2 Bb6 28. Ne4 Rgd8 29. Rfe1 Rxd3 30. Rxd3 Rxd3 31. g5 Bxe4 32. Qf2 0-1

[Event "*** Titled Tuesday Blitz"]
[Site "Chess.com"]
[Date "2021.03.16"]
[Round "2"]
[White "PattyCastillo"]
[Black "SergeyShtyka"]
[Result "0-1"]
[WhiteElo "2027"]
[BlackElo "2407"]
[TimeControl "180+1"]
[EndTime "10:17:21 PDT"]
[Termination "SergeyShtyka won on time"]

1. d4 c5 2. e3 e6 3. Nf3 Nf6 4. Bd3 Nc6 5. b3 d6 6. Bb2 Be7 7.
O-O O-O 8. Nbd2 b6 9. a3 Bb7 10. Qe2 a6 11. c4 Qc7 12. Rac1 Rad8 13. Rfd1 Qb8 14. e4 cxd4 15. Nxd4 Ne5 16. Bb1 Qa8 17. f3 Ng6 18. g3 Rfe8 19. Nf1 d5 20. e5 Nd7 21. cxd5 Bxd5 22. Ne3 Bb7 23. Ng4 Nc5 24. Nf6+ gxf6 25. exf6 Bf8 26. Qe3 e5 27. Nf5 Rxd1+ 28. Rxd1 Bxf3 29. Nh6+ Bxh6 30. Qxh6 Ne6 31. Bf5 Ngf8 32.
Bxe6 Nxe6 33. Qh4 Qe4 0-1

[Event "*** Titled Tuesday Blitz"]
[Site "Chess.com"]
[Date "2021.03.16"]
[Round "2"]
[White "kobemagic"]
[Black "annacramling"]
[Result "1-0"]
[WhiteElo "2406"]
[BlackElo "2004"]
[TimeControl "180+1"]
[EndTime "10:17:22 PDT"]
[Termination "kobemagic won on time"]

1. c4 c5 2. g3 Nc6 3. Bg2 e5 4. Nc3 g6 5. d3 Bg7 6. h4 h5 7. Nf3 d6 8. a3 a5 9. Rb1 Nge7 10. Bg5 Be6 11. O-O O-O 12. Qd2 Nd4 13. Nxd4 cxd4 14. Nd5 Bxd5 15. Bxd5 Kh7 16. Bxb7 Rb8 17. Bxe7 Qxe7 18.
Bg2 a4 19. Qa5 Qd7 20. f4 Qg4 21. f5 Qxe2 22. Be4 Qe3+ 23. Kg2 Qe2+ 24. Rf2 Qg4 25. fxg6+ fxg6 26. Rbf1 Rxf2+ 27. Rxf2 Bh6 28. Qa7+ Bg7 29. Qxb8 1-0

[Event "*** Titled Tuesday Blitz"]
[Site "Chess.com"]
[Date "2021.03.16"]
[Round "2"]
[White "GameOverBro"]
[Black "alexrustemov"]
[Result "0-1"]
[WhiteElo "2523"]
[BlackElo "2794"]
[TimeControl "180+1"]
[EndTime "10:17:23 PDT"]
[Termination "alexrustemov won by resignation"]

1. e4 e6 2. d4 d5 3. Nd2 c5 4.
exd5 Qxd5 5. Ngf3 cxd4 6. Bc4 Qd7 7. Nb3 Nc6 8. Nbxd4 Nxd4 9. Nxd4 a6 10. Be2 Bc5 11.
Be3 Nf6 12. O-O O-O 13. c4 Rd8 14. Nc2 Qc7 15. Qxd8+ Qxd8 16. Bxc5 Bd7 17. Rad1 Qa5 18. Bd4 Bc6 19. a3 h6 20. Bc3 Qg5 21. f3 Ba4 22.
Rd2 b5 23. Nd4 Qe3+ 24. Kh1 bxc4 25. Bxc4 Qf4 26. Ba2 a5 27. Re1 Be8 28. Ne2 Qh4 29.
Ng3 Bc6 30. Rd6 Bd5 31. Bxf6 gxf6 32. Bxd5 exd5 33. Rxd5 Qc4 34. Red1 Re8 35. Ne4 Re6 36. R5d4 Qb3 37. R4d2 Qb6 38. h3 Kg7 39. Rd4 Qxb2 40. Nc5 Re1+ 41. Rxe1 Qxd4 42. Ne4 Qb2 43. a4 Qa3 44.
Rd1 Qxa4 45. Rd6 Qa1+ 46. Kh2 Qe5+ 47. Kg1 f5 48. Ng3 Qxg3 0-1

[Event "*** Titled Tuesday Blitz"]
[Site "Chess.com"]
[Date "2021.03.16"]
[Round "2"]
[White "fabianvivasz"]
[Black "Revnov"]
[Result "1-0"]
[WhiteElo "2380"]
[BlackElo "2686"]
[TimeControl "180+1"]
[EndTime "10:17:23 PDT"]
[Termination "fabianvivasz won by resignation"]

1. e4 e5 2. Nf3 d6 3. d4 exd4 4. Nxd4 Nf6 5. Nc3 Be7 6. Bf4 Nc6 7. Qd2 Nxd4 8. Qxd4 O-O 9. O-O-O a6 10. f3 b5 11.
e5 dxe5 12. Qxe5 Bd6 13. Qd4 Bxf4+ 14. Qxf4 Qe7 15. Bd3 Be6 16. Rhe1 Rfd8 17. g4 g6 18. g5 Nh5 19. Qe5 Qd6 20. Qxd6 Rxd6 21. Be4 Rad8 22. Rxd6 Rxd6 23. Rd1 Rxd1+ 24. Kxd1 Nf4 25. b4 Nh3 26. Bb7 Nxg5 27. h4 Nh3 28. Bxa6 c6 29. Bb7 Bd7 30. Ne4 Nf4 31. Nf6+ Kg7 32. Nxd7 h5 33. Bxc6 g5 34. hxg5 h4 35. Ne5 h3 36. Ng4 Kg6 37. Bxb5 Kxg5 38.
a4 Kh4 39. a5 f5 40. Nh2 Kg3 41. Nf1+ Kg2 42. a6 Nd5 43. a7 Nc7 44. f4 Kf3 45. Bc6+ Kxf4 46. b5 1-0

[Event "*** Titled Tuesday Blitz"]
[Site "Chess.com"]
[Date "2021.03.16"]
[Round "2"]
[White "TheCairnTerrier"]
[Black "Fighter008"]
[Result "0-1"]
[WhiteElo "2157"]
[BlackElo "2631"]
[TimeControl "180+1"]
[EndTime "10:17:23 PDT"]
[Termination "Fighter008 won on time"]

1. e4 c5 2. Nf3 e6 3. d4 cxd4 4.
Nxd4 a6 5. Be2 Nf6 6. Nc3 d6 7. O-O Be7 8. f4 O-O 9. Be3 Nc6 10. Qe1 Bd7 11. Qg3 Nxd4 12. Bxd4 Bc6 13. Bf3 Rc8 14.
Rad1 Qa5 15. e5 dxe5 16. fxe5 Ne8 17. Ne4 Bxe4 18. Bxe4 Bc5 19. Kh1 Bxd4 20. Rxd4 Qb6 21. Rd3 Qxb2 22. Qh4 g6 23. Rh3 h5 24. Qg5 Ng7 25. g4 Rc5 26. gxh5 Qxe5 27. Qxe5 Rxe5 28. Bxb7 Nxh5 29. Bxa6 Rc5 30. Bd3 Ra8 31. Rg1 Rxa2 32. Rh4 Kg7 33. Rb4 Ra7 34. Rb6 Nf4 0-1

[Event "*** Titled Tuesday Blitz"]
[Site "Chess.com"]
[Date "2021.03.16"]
[Round "2"]
[White "NoGuru"]
[Black "MasterKroket"]
[Result "0-1"]
[WhiteElo "2284"]
[BlackElo "2498"]
[TimeControl "180+1"]
[EndTime "10:17:28 PDT"]
[Termination "MasterKroket won on time"]

1. c4 e6 2. Nf3 Nf6 3. e3 d5 4.
Nc3 Be7 5. b3 O-O 6. Bb2 c5 7. cxd5 Nxd5 8. Nxd5 exd5 9. d4 b6 10.
Be2 Bf6 11. O-O Be6 12. Qd2 c4 13. bxc4 dxc4 14. e4 b5 15. a4 Bd7 16. e5 Be7 17. d5 Bc5 18. Rad1 a6 19. e6 Bc8 20. exf7+ Rxf7 21. Ne5 Rf8 22. Bf3 Bd6 23. Qc3 Qc7 24.
Rfe1 Bf5 25. h3 b4 26. Qd4 c3 27. Bc1 Nd7 28. Bf4 a5 29. Bg3 Rae8 30. Kh2 c2 31. Rc1 b3 32. Nc6 Bxg3+ 33. fxg3 Rxe1 34. Rxe1 Qb6 35. Qb2 Nc5 36. Ne7+ Kh8 37. Nxf5 Qf6 38. Qxf6 gxf6 39. Ne3 Nd3 0-1

[Event "*** Titled Tuesday Blitz"]
[Site "Chess.com"]
[Date "2021.03.16"]
[Round "2"]
[White "Mrlammy"]
[Black "AIROPITO7"]
[Result "0-1"]
[WhiteElo "2302"]
[BlackElo "2543"]
[TimeControl "180+1"]
[EndTime "10:17:31 PDT"]
[Termination "AIROPITO7 won by resignation"]

1. e4 g6 2. d4 Bg7 3. Nc3 e6 4. f4 d5 5. e5 c5 6. Bb5+ Bd7 7. Bxd7+ Qxd7 8. dxc5 Na6 9. Be3 Ne7 10. Nf3 O-O 11. O-O Nf5 12. Bf2 Rac8 13. Nd4 Nxd4 14. Bxd4 Nxc5 15.
a3 Na4 16. Nxa4 Qxa4 17. c3 Qxd1 18. Rfxd1 a6 19. Kf2 Rc4 20. Ke2 Rfc8 21. Rac1 Bf8 22. Kd3 b5 23. g3 a5 24. Ra1 b4 25. axb4 axb4 26. Rdb1 R4c6 27. Ra4 bxc3 28. bxc3 Bc5 29. Rb3 Bxd4 30. Kxd4 Rc4+ 31. Rxc4 Rxc4+ 32. Kd3 Ra4 33. Rb2 Kg7 34. Rc2 h5 35. c4 Ra3+ 36. Kd4 dxc4 37.
Kxc4 h4 38. Rg2 Kh6 39. Kd4 hxg3 40. hxg3 Kh5 41. g4+ Kh4 42. Ke4 Kh3 43. Rg1 Kh2 44.
Rd1 Kg3 45. Rg1+ Kf2 46. Rd1 Ra4+ 47. Kd3 Rxf4 48. Rb1 Rxg4 49. Rb7 Rf4 50. Rb8 Kf3 51. Rf8 g5 52. Rg8 g4 53. Kd2 Kf2 54. Rg7 g3 55. Kd3 g2 0-1

[Event "*** Titled Tuesday Blitz"]
[Site "Chess.com"]
[Date "2021.03.16"]
[Round "2"]
[White "eCztery"]
[Black "Trovita84"]
[Result "0-1"]
[WhiteElo "2400"]
[BlackElo "2093"]
[TimeControl "180+1"]
[EndTime "10:17:31 PDT"]
[Termination "Trovita84 won by resignation"]

1. e4 c6 2. Nc3 d5 3. Nf3 dxe4 4. Nxe4 Nd7 5. Qe2 Ndf6 6. d3 Nxe4 7. dxe4 g6 8. Bd2 Bg7 9. O-O-O Qb6 10. e5 Bg4 11. Bc3 e6 12. h3 Bxf3 13. Qxf3 Ne7 14. Bc4 O-O 15. h4 Qc5 16. Bb3 Rfd8 17. h5 Bxe5 18. hxg6 Nxg6 19. Rxd8+ Rxd8 20. Qh3 Bxc3 21. Qxh7+ Kf8 22.
bxc3 Qxc3 23. Kb1 Ke7 24. Qh3 Qxh3 25. Rxh3 Rd1+ 26. Kb2 Rd2 27. Rf3 Ne5 28. Re3 Ng4 29.
Re4 Nxf2 30. Kc1 Nxe4 31. a4 Rxg2 32. a5 Rg1+ 33. Kb2 a6 34. Ka3 f5 35. Kb4 f4 36.
Bd5 f3 37. Bxe4 f2 38. Bd3 f1=Q 39. Bxf1 Rxf1 40. Kc5 Rf5+ 41. Kb6 Rb5+ 42. Ka7 Kd6 43. c4 Rxa5 44. Kb6 Rc5 45. Ka7 Rxc4 46. Kb6 e5 47. Ka7 e4 48. Kb6 e3 49. Ka7 e2 50. Kb6 e1=Q 51.
Ka7 Qe3+ 52. Ka8 Rf4 53. Kb8 Rf8+ 54. Kxb7 Qe7+ 55. Kb6 Rb8+ 56. Ka5 Qb7 0-1